 Seeded DCSS version 0.30-a0-585-g93115170b9 (webtiles) character file.

Game seed: 72702455509857172 (custom seed)

14 purpskrrrp the Sneak (level 2, 0/17 HPs)
             Began as a Vampire Brigand on Jan 1, 2023.
             Slain by a hobgoblin (1 damage)
             ... on level 1 of the Dungeon.
             The game lasted 00:00:39 (173 turns).

purpskrrrp the Sneak (Vampire Brigand)               Turns: 173, Time: 00:00:39

Health: 0/17       AC:  3    Str: 10    XL:     2   Next: 31%
Magic:  2/2        EV: 12    Int: 13    God:
Gold:   0          SH:  0    Dex: 15    Spells: 1/1 levels left

rFire   . . .      SeeInvis +    a - +2 dagger
rCold   + + .      Faith    .    (no shield)
rNeg    + + +      Spirit   .    b - +0 robe
rPois   ∞          Reflect  .    (no helmet)
rElec   .          Harm     .    c - +0 cloak
rCorr   .          Rampage  .    (no gloves)
Will    .....                    (no boots)
Stlth   +++++                    (no amulet)
HPRegen 0.00/turn                (no ring)
MPRegen 0.08/turn                (no ring)

@: bloodless, inhibited regen, invisible
A: bloodless, fangs 3, see invisible, vampiric 1
a: Revivify


You were on level 1 of the Dungeon.
You visited 1 branch of the dungeon, and saw 1 of its levels.

Inventory:

Hand Weapons
 a - a +2 dagger (weapon)
Missiles
 d - 9 poisoned darts
 e - 3 curare-tipped darts
Armour
 b - a +0 robe (worn)
 c - a +0 cloak (worn)
Potions
 f - a potion of heal wounds {unknown}
 g - 2 potions of invisibility


   Skills:
 - Level 1.7 Fighting
 + Level 2.5 Short Blades
 - Level 1.5 Throwing
 + Level 1.5 Dodging
 * Level 6.4 Stealth


You had one spell level left.
You didn't know any spells.
Your spell library was empty.

Dungeon Overview and Level Annotations

Branches:
Dungeon (1/15)

Altars:


Innate Abilities, Weirdness & Mutations

You do not regenerate when monsters are visible.
You are frail without blood (-20% HP).
You can heal yourself when you bite living creatures.
You are immune to poison.
You have razor-sharp teeth.
You have supernaturally acute eyesight. (SInv)
You are afflicted with vampirism.


Message History

The kobold barely misses you. The hobgoblin misses you.
You closely miss the hobgoblin.
The kobold hits you with a +0 short sword.
The hobgoblin hits you but does no damage.
You completely miss the hobgoblin. The kobold closely misses you.
The hobgoblin hits you.
You hit the ball python.
The ball python is severely wounded.
The ball python barely misses you. The ball python grabs you.
The ball python constricts you. The kobold closely misses you.
The hobgoblin hits you but does no damage.
You hit the ball python.
You kill the ball python!
The hobgoblin barely misses you.
The kobold hits you with a +0 short sword.
You hit the hobgoblin.
The hobgoblin is severely wounded.
The hobgoblin hits you.
* * * LOW HITPOINT WARNING * * *
The kobold hits you with a +0 short sword.
* * * LOW HITPOINT WARNING * * *
You are too injured to fight recklessly!
You are too injured to fight recklessly!
You are too injured to fight recklessly!
You are too injured to fight recklessly!
You are too injured to fight recklessly!
You are too injured to fight recklessly!
You are too injured to fight recklessly!
You are too injured to fight recklessly!
You are too injured to fight recklessly!
You are too injured to fight recklessly!
You are too injured to fight recklessly!
You are too injured to fight recklessly!
You are too injured to fight recklessly!
You are too injured to fight recklessly!
You are too injured to fight recklessly!
It was a potion of invisibility.
You fade into invisibility!
The hobgoblin hits you.
You die...

##........##
#..........#
#.......?..#
#........!.#
#......$...#
#..........#
##...†g...###
#.....@K....####
#......)........
#..........##### ##
##..........# .#####
#..........$#
.....#####..........##
'#≈≈##.............##
#....#.....####.####
≈....≈..... #.#


You could see a hobgoblin (unable to see you) and a kobold (unable to see you).

Vanquished Creatures
  5 ball pythons (D:1)
  3 bats (D:1)
  2 endoplasms (D:1)
  A giant cockroach (D:1)
  A goblin (D:1)
  A frilled lizard (D:1)
  A rat (D:1)
14 creatures vanquished.

Notes
Turn   | Place    | Note
-------+----------+-------------------------------------------
     0 | D:1      | purpskrrrp the Vampire Brigand began the quest for the Orb.
     0 | D:1      | Reached XP level 1. HP: 16/16 MP: 1/1
    67 | D:1      | Reached skill level 6 in Stealth
   110 | D:1      | Reached XP level 2. HP: 17/17 MP: 2/2
   173 | D:1      | Slain by a hobgoblin

Illustrated notes

Levels and vault maps discovered:
D:1:      dpeg_arrival_rooms_with_view, layout_rooms, minmay_worlds_worst_comb

Skill      XL: |  1 |
---------------+----+-----
Stealth        | 6 |  6.4
Fighting       | |  1.7
Short Blades   | |  2.5
Throwing       | |  1.5
Dodging        | |  1.5

Action                   || total
-------------------------++-------
Melee: Dagger            ||    25
       Bite              ||     1
 Abil: Exsanguinate      ||     1
  Use: Potion            ||     1
 Stab: Sleeping          ||     9
Armor: Robe              ||     7
Dodge: Dodged            ||    13

Table legend: (Time is in decaauts)
 A = Elapsed time spent in this place.
 B = Non-inter-level travel time spent in this place.
 C = Inter-level travel time spent in this place.
 D = Time resting spent in this place.
 E = Time spent auto-exploring this place.
 F = Levels seen in this place.
 G = Mean time per level.
                   A        B        C        D        E       F      G
               +--------+--------+--------+--------+--------+-----+--------+
         Total |    170 |    170 |      0 |      0 |    103 |   1 |  170.0 |
       Dungeon |    170 |    170 |      0 |      0 |    103 |   1 |  170.0 |
               +--------+--------+--------+--------+--------+-----+--------+

Top non-repeatable levels by time:
     D:1: 170 daAuts
